 Dungeon Crawl Stone Soup version 0.27.1-35-g4d5d836560 (webtiles) character file.

Game seed: 2931647465192039888

4 cbfl8 the Sneak (level 1, -1/20 HPs)
             Began as a Minotaur Delver on Mar 27, 2022.
             Killed by nerve-wracking pain
             ... invoked by Jessica
              (5 damage)
             ... on level 3 of the Dungeon.
             The game lasted 00:01:17 (351 turns).

cbfl8 the Sneak (Minotaur Delver)                    Turns: 351, Time: 00:01:17

Health: -1/20      AC:  8    Str: 16    XL:     1   Next: 58%
Magic:  0/0        EV:  7    Int:  7    God:
Gold:   37         SH:  0    Dex: 11    Spells: 0/0 levels left

rFire    . . .     SeeInvis .   a - +0 hand axe
rCold    . . .     Faith    .   (no shield)
rNeg     . . .     Spirit   .   h - +0 chain mail
rPois    .         Reflect  .   (helmet restricted)
rElec    .         Harm     .   (no cloak)
rCorr    .         Rampage  .   (no gloves)
Will     .....                  (no boots)
Stlth    ..........             (no amulet)
HPRegen  0.06/turn              (no ring)
MPRegen  0.07/turn              (no ring)

@: no status effects
A: horns 2, retaliatory headbutt
a: no special abilities


You were on level 3 of the Dungeon.
You visited 1 branch of the dungeon, and saw 3 of its levels.

You collected 37 gold pieces.

Inventory:

Hand Weapons
 a - a +0 hand axe (weapon)
Armour
 b - a +0 leather armour
 h - a +0 chain mail (worn)
Wands
 g - a wand of digging (3)
Scrolls
 c - a scroll of fog
 d - a scroll of magic mapping
 i - a scroll of identify {unknown}
Potions
 f - a potion of haste
 j - a potion of attraction {unknown}


   Skills:
 + Level 3.6 Fighting
 + Level 2.4 Axes
 + Level 2.2 Dodging
 + Level 4.3 Stealth


You couldn't memorise any spells.
You didn't know any spells.
Your spell library was empty.

Dungeon Overview and Level Annotations

Branches:
Dungeon (5/15)
 Temple: D:4-7

Altars:
Elyvilon

Annotations:
D:3 Jessica


Innate Abilities, Weirdness & Mutations

You have a pair of horns on your head.
You reflexively headbutt those who attack you in melee.


Message History

Jessica blinks!
A rat comes into view.
Found 15 gold pieces.
The rat bites the plant.
The plant begins to die.
Found a white marble altar of Elyvilon.
The rat bites the plant.
The rat bites the plant.
The rat bites something.
The rat bites the plant.
A nearby plant withers and dies.
The rat bites the plant.
The plant begins to die.
A nearby plant withers and dies.
The rat bites the plant.
The rat bites the plant.
The rat bites the plant.
The rat bites the plant.
The plant begins to die.
The rat twitches its whiskers.
The rat bites the plant.
The rat bites the plant.
The rat barely misses you.
You hit the rat but do no damage. The rat barely misses you.
You furiously retaliate!
You headbutt the rat!
You kill the rat!
Jessica gestures at you while chanting. Pain shoots through your body!
Jessica casts a spell at you. Pain shoots through your body!
Jessica mumbles some strange words.
Jessica blinks!
Jessica barely misses you. You furiously retaliate!
You headbutt Jessica!
Jessica drinks a potion.
Jessica is healed!
Jessica hits you but does no damage.
Jessica zaps a wand.
The puff of flame hits you but does no damage.
Found a potion of curing.
Jessica gestures at you while chanting. Pain shoots through your body!
Ouch! That really hurt!
* * * LOW HITPOINT WARNING * * *
Jessica gestures at you while chanting. Pain shoots through your body!
You die...

. ## #.# .# #.## .#
#.. ####### .#
#.####.....##.#####
#@...@....#.......
#.####.......###..#
#!. #.......# #...
#.#. #.......###...
.....#######.#........
###
###≈≈≈###.P.....P..
##≈≈⌠≈≈##PP#..#P.#P
#≈≈...≈≈≈≈≈≈≈≈≈≈≈≈≈
#≈⌠._..............


You could see Jessica.

Vanquished Creatures
  A dart slug (D:5)
  A kobold (D:4)
  A rat (D:3)
3 creatures vanquished.

Vanquished Creatures (others)
  4 plants (D:3)
4 creatures vanquished.

Grand Total: 7 creatures vanquished

Notes
Turn   | Place    | Note
-------+----------+-------------------------------------------
     0 | D:5      | cbfl8 the Minotaur Delver began the quest for the Orb.
     0 | D:5      | Reached XP level 1. HP: 19/19 MP: 0/0
    21 | D:5      | Noticed a hound
    68 | D:5      | Noticed an iguana
   275 | D:3      | Noticed Jessica
   303 | D:3      | Found a white marble altar of Elyvilon.
   351 | D:3      | Killed from afar by Jessica

Illustrated notes

Levels and vault maps discovered:
D:3:      due_chaos_kobolds, layout_loops_cross, mainiacjoe_overflow_alcove_4,
          nicolae_elyvilon_temple_path, grunt_ministairs_14, uniq_jessica,
          uniq_ijyb
D:4:      layout_basic, overflow_temple_1_default, kennysheep_little_box,
          kennysheep_nondescript, dk_vineyard_3
D:5:      layout_basic, mainiacjoe_overflow_six_doors_small,
          mainiacjoe_overflow_concentric_impassable,
          minmay_temple_entry_poolview, minivault_1

Action                   || total
-------------------------++-------
Melee: Hand axe          ||     6
  Use: Scroll            ||     1
Armor: Chain mail        ||     3
Dodge: Dodged            ||     4
